cohdb
Replays
Latest Replays
All Replays
Popular Replays
Top Player Replays
Match Explorer
How It Works
Community
CoH3 Stats
Reddit
Sign in to upload your games and track your stats! →
Sign in with Steam
Match 42480539
Unlisted
Match 42480539
Overview
Messages
Build Orders
End
Engineer Squad
Construct Weapon Support Center
Selects Armored Battlegroup
Selects Assault Engineers
M1919 Machine Gun Team
M1919 Machine Gun Team
Assault Engineer Squad
Mechanized Support Center
Bazooka Squad
Improved M9 Bazooka Rockets
M3 Armored Personnel Carrier
Selects Fast Deploy
M3 Armored Personnel Carrier
Assault Engineer Squad
M3 Armored Personnel Carrier
M1919 Machine Gun Team
Construct Motor Pool
Selects M8 Scott SPG
M16 Multiple Gun Motor Carriage
M8 Scott SPG
Selects M31 Recovery Vehicle
M31 Recovery Vehicle
JBC
马走田
suxiaoshi
halfbax
Grand.G
NDIHJDD
0
0
Comments
sign in to comment!
No comments posted yet!